 Dungeon Crawl Stone Soup version 0.20-a0-1039-gf554463 (console) character file.

206113 nht the Deadly Accurate (level 18, -8/140 HPs)
             Began as a Demonspawn Assassin on Apr 22, 2017.
             Was the Champion of Trog.
             Killed from afar by a merfolk aquamancer (11 damage)
             ... with a torrent of water
             ... on level 2 of the Shoals.
             The game lasted 02:11:50 (31678 turns).

nht the Deadly Accurate (Demonspawn Assassin)      Turns: 31678, Time: 02:11:51

Health: -8/140     AC: 23    Str: 15    XL:     18   Next: 6%
Magic:  18/18      EV: 12    Int: 11    God:    Trog [******]
Gold:   905        SH: 22    Dex: 22    Spells: 17/17 levels left

rFire    + + .     SeeInvis .   a - +4 short sword {elec, Int+2}
rCold    + + +     Gourm    .   F - +2 shield
rNeg     . . .     Faith    .   r - +1 chain mail of the Shrike {rElec rC++ Int-4 Dex+3}
rPois    +         Spirit   .   V - +2 hat
rElec    +         Reflect  +   v - +2 cloak {MR+}
rCorr    .         Harm     .   (no gloves)
MR       ++...                  U - +2 pair of boots of the Assassin {Detection Stab+ Stlth++}
Stlth    +++.......             h - +6 amulet of reflection
Regen    0.8/turn               t - ring of stealth
MPRegen  0.2/turn               p - ring of Peckeem {rPois rF++ rC+}

@: exhausted, mesmerised, very slightly contaminated, hasted and slowed,
drained, very slow
A: antennae 2, beak, thin metallic scales 3, demonic guardian 1, foul stench 2,
regeneration 1, augmentation 1, rot immunity
}: 1/15 runes: serpentine
a: Berserk, Trog's Hand, Brothers in Arms, Burn Spellbooks, Renounce Religion


You were on level 2 of the Shoals.
You worshipped Trog.
Trog was exalted by your worship.
You were very hungry.

You visited 5 branches of the dungeon, and saw 29 of its levels.
You also visited: Labyrinth and Sewer.

You collected 2376 gold pieces.
You spent 1471 gold pieces at shops.

Inventory:

Hand Weapons
 a - the +4 short sword of a ziggurat (weapon) {elec, Int+2}
   (Trog gifted it to you on level 12 of the Dungeon)

   Occasionally, upon striking a foe, it will discharge some electrical energy
   and cause terrible harm.
   It affects your intelligence (+2).
 b - a +1 blowgun
 X - a +5 quick blade
Missiles
 d - 27 tomahawks (quivered)
 f - 16 curare-tipped needles
 j - 10 needles of confusion
 y - 24 poisoned needles
 z - 2 throwing nets
 C - 9 steel javelins
 I - 7 javelins of penetration
 N - 8 poisoned tomahawks
 P - 9 poisoned javelins
 Q - 6 exploding tomahawks
 R - 2 needles of frenzy
 T - a tomahawk of returning
Armour
 r - the +1 chain mail of the Shrike (worn) {rElec rC++ Int-4 Dex+3}
   (You bought it in a shop on level 2 of the Orcish Mines)

   It affects your intelligence (-4).
   It affects your dexterity (+3).
   It greatly protects you from cold.
   It insulates you from electricity.
 v - a +2 cloak of magic resistance (worn)
 F - a +2 shield (worn)
 U - the +2 pair of boots of the Assassin (worn) {Detection Stab+ Stlth++}
   (You acquired it on level 5 of the Lair of Beasts)

   It makes you much more stealthy.
 V - a +2 hat (worn)
Jewellery
 h - a +6 amulet of reflection (around neck)
 p - the ring of Peckeem (right hand) {rPois rF++ rC+}
   (You took it off a minotaur in a labyrinth)

   [ring of poison resistance]

   It greatly protects you from fire.
   It protects you from cold.
   It protects you from poison.
 s - an uncursed ring of resist corrosion
 t - a ring of stealth (left hand)
Wands
 c - a wand of enslavement (14/24)
 e - a wand of confusion (12/48)
 x - a wand of digging (9/24)
 M - a wand of disintegration (6/24)
 Y - a wand of paralysis (11/24)
Scrolls
 i - 5 scrolls of enchant weapon
 m - 17 scrolls of identify
 n - 2 scrolls of fog
 q - 6 scrolls of teleportation
 B - 11 scrolls of remove curse
 H - 3 scrolls of enchant armour
 J - 4 scrolls of magic mapping
 O - 2 scrolls of fear
Potions
 l - a potion of flight
 w - a potion of resistance
 A - 14 potions of curing
 E - 5 potions of heal wounds
 G - 3 potions of cancellation
 K - 4 potions of agility
 L - 2 potions of haste
 S - 3 potions of might
 W - 3 potions of lignification
 Z - 2 potions of mutation
Comestibles
 g - 18 bread rations
 k - 14 meat rations
 o - 20 royal jellies
 D - 21 chunks of flesh


   Skills:
 - Level 12.0(11.7) Fighting
 - Level 12.1(11.8) Short Blades
 - Level 16.0(15.6) Throwing
 - Level 5.0(4.7) Armour
 + Level 9.1(8.8) Dodging
 + Level 11.0(10.8) Stealth
 - Level 15.0(14.7) Shields


You had 17 spell levels left.
You didn't know any spells.

Dungeon Overview and Level Annotations

Branches:
Dungeon (15/15)            Temple (0/1) D:4            Lair (6/6) D:11
 Shoals (2/4) Lair:3        Snake (4/4) Lair:4        Slime (0/5) Lair:5
    Orc (2/2) D:12            Elf (0/3) Orc:2        Vaults (0/5) D:14
 Depths (0/5) D:15

Altars:
Cheibriados
Dithmenos
Gozag
Makhleb
Nemelex Xobeh
Qazlal
Trog
Uskayaw
Wu Jian
Xom
Zin
The Shining One
Beogh

Shops:
D:8 *   D:12 %   D:15 (   Orc:2 :*[(   Snake:4 }![(

Annotations:
D:5 dig
Lair:4 exclusion: 2 oklob plants


Innate Abilities, Weirdness & Mutations

You have a pair of antennae on your head.
You are completely covered in thin metallic scales. (AC +4, rElec)
A weak demonic guardian rushes to your aid.
You frequently emit foul miasma when damaged in melee.
Your magical and physical power is slightly enhanced at high health.
You are immune to rotting.
You have a beak for a mouth.
Your natural rate of healing is unusually fast.


Message History

The water swirls and strikes you!
* * * LOW HITPOINT WARNING * * *
Okay, then.
Blink to where?
Press: ? - help, Dir - move target cursor You are very lightly contaminated with residual magic.
As you read the scroll of blinking, it crumbles to dust.
Your shadow imp misses the merfolk aquamancer.
The water nymph flows with the water.
You block the merfolk's attack.
You feel yourself speed up.
The merfolk siren chants its luring song.
Your shadow imp closely misses the merfolk aquamancer.
You block the water elemental's attack. You block the merfolk's attack.
Splash!
You fall into the shallow water.
Moving in this stuff is going to be slow.
The merfolk aquamancer points at you and mumbles some strange words.
The torrent of water passes through the water elemental.
The torrent of water hits you!
You die...

≈≈...≈≈≈≈≈≈≈≈≈≈.((≈)≈≈≈≈≈≈≈
≈.≈≈.....≈≈≈≈≈≈.██.)≈≈≈≈≈≈≈
..........≈≈..≈.....≈≈≈≈≈≈≈
█.......≈≈≈...≈.≈..≈≈≈≈≈≈≈
██......≈≈≈≈≈≈.....<≈≈≈≈≈≈≈
....>...≈))≈≈≈......≈≈≈≈≈≈≈
>..≈....≈≈)≈≈...≈...≈≈≈≈≈≈≈
.........)≈≈≈.......≈≈≈≈≈≈≈
......≈≈)≈mm@.██....≈≈≈≈≈≈≈
.≈...≈≈≈≈≈≈EE.██..≈≈≈≈≈≈≈≈≈
≈≈≈..≈≈≈≈.m.mE....P≈PP≈≈≈≈≈
.....≈≈≈≈≈≈≈(≈...PP.≈≈≈≈≈≈≈
......≈≈m≈≈5≈..P.PPP
........P≈≈≈§≈..P.≈P
...█.█.P≈≈)≈≈≈..P.P.
.█.....█≈P≈≈≈≈≈.....
..)...PP≈≈≈≈≈≈≈≈≈..


You could see a merfolk aquamancer, 2 merfolk, 3 water elementals, a merfolk
siren, a water nymph and a friendly shadow imp.

Vanquished Creatures
  Rupert (Snake:1)
  Jorgrun (Snake:3)
  Asterion (Snake:3)
  9 nagarajas
  Aizul (Snake:1)
  A fire giant (D:15)
  The ghost of Gorglomux the Imperceptible, an adept VSAs of Okawaru (Shoals:1)
  Snorg (Lair:5)
  A minotaur (Lab)
  Josephine (Orc:2)
  Erolcha (D:11)
  A merfolk impaler (Shoals:1)
  Harold (Lair:3)
  21 naga warriors
  4 hydras
  A catoblepas (D:15)
  3 centaur warriors
  A merfolk avatar (Shoals:1)
  5 two-headed ogres
  4 anacondas
  Erica (D:8)
  A satyr (Shoals:2)
  10 death yaks
  10 naga sharpshooters
  3 merfolk aquamancers (Shoals:2)
  Nergalle (D:12)
  An orc high priest (Orc:2)
  Sonja (Orc:2)
  4 shock serpents
  A sea snake (Shoals:1)
  A skeletal warrior (D:14)
  6 unseen horrors
  A deep elf archer (D:14)
  9 naga ritualists
  6 salamander mystics
  3 orc knights
  2 wolf spider zombies
  Pikel (D:6)
  11 mana vipers
  3 manticores
  5 orc sorcerers
  4 deep elf magi
  An oklob plant (Orc:1)
  11 salamanders
  5 fauns
  5 ugly things
  Maurice (D:13)
  6 cyclopes
  2 centaur zombies
  3 merfolk sirens (Shoals:1)
  12 elephants
  Joseph (D:7)
  6 guardian serpents
  40 black mambas
  17 naga magi
  8 spiny frogs
  5 water nymphs
  7 komodo dragons
  A rime drake (Lair:4)
  3 centaur skeletons
  A gargoyle (D:13)
  A freezing wraith (D:14)
  A kobold demonologist (D:15)
  4 merfolk
  3 meliai (D:13)
  7 hornets (Lair:6)
  3 trolls
  A troll (shapeshifter) (D:15)
  5 polar bears (Lair:6)
  50 blink frogs
  9 slime creatures
  A harpy skeleton (D:14)
  6 hippogriffs
  2 snapping turtles (Shoals:1)
  2 meliai zombies
  3 wyverns
  A shadow (D:13)
  13 spriggans (Lair:6)
  A vampire (D:15)
  2 basilisks
  2 redbacks (Lab)
  4 wraiths
  2 hungry ghosts
  A human (shapeshifter) (D:14)
  38 yaks
  5 vampire mosquitoes (D:12)
  A steam dragon (Lair:3)
  A warg (Orc:2)
  Menkaure (D:6)
  48 nagas
  2 soldier ants
  An acid dragon (D:15)
  Duvessa (D:6)
  4 porcupines
  16 water moccasins
  4 sky beasts
  31 orc warriors
  2 necrophages
  4 black bears
  4 ice beasts
  29 centaurs
  2 eyes of draining
  27 wolves
  6 boggarts
  16 ogres
  14 crocodiles
  7 big kobolds
  14 bullfrogs
  A wyvern zombie (D:10)
  A gnoll sergeant (D:9)
  Dowan (D:6)
  A water moccasin zombie (D:6)
  2 scorpions
  A water moccasin skeleton (D:9)
  13 killer bees
  13 wights
  A howler monkey (D:11)
  3 electric eels
  3 crimson imps
  2 bullfrog zombies
  5 jellies
  6 hounds
  28 orc priests
  2 bullfrog skeletons
  39 orc wizards
  2 iguanas
  8 worker ants
  A killer bee zombie (D:9)
  A hound skeleton (D:4)
  2 worker ant zombies
  A howler monkey skeleton (D:4)
  10 gnolls
  21 adders
  A river rat (Sewer)
  A shadow imp (D:8)
  6 oozes
  An adder zombie (D:6)
  2 adder skeletons
  A dart slug (D:1)
  7 leopard geckos
  75 orcs
  A ball python (D:1)
  7 bats
  4 giant cockroaches
  14 goblins
  4 hobgoblins
  3 jackals (D:2)
  32 kobolds
  4 quokkas
  6 frilled lizards
  A quokka skeleton (D:9)
  3 quokka zombies
  14 rats
  A fungus (Lair:4)
  A plant (Lab)
1039 creatures vanquished.

Vanquished Creatures (collateral kills)
  The ghost of Kite the Axe Maniac, a veteran MiBe of Trog (D:15)
  2 nagarajas (Snake:4)
  An orc warlord (Orc:2)
  2 naga warriors (Snake:4)
  2 anacondas (Snake:4)
  2 death yaks (Lair:4)
  A shock serpent (Snake:3)
  2 orc high priests (Orc:2)
  2 naga sharpshooters (Snake:4)
  2 naga ritualists (Snake:4)
  3 orc knights (Orc:2)
  An orc sorcerer (Orc:2)
  An ugly thing (D:11)
  A salamander (Snake:3)
  5 black mambas
  An elephant (Lair:4)
  A spiny frog (Lair:2)
  A rime drake (Lair:5)
  3 centaur skeletons
  3 blink frogs
  Prince Ribbit (D:6)
  A spriggan (Lair:6)
  Eustachio (D:6)
  3 vampire mosquitoes (D:12)
  9 nagas
  6 orc warriors
  2 centaurs
  A big kobold (D:8)
  2 crocodiles
  A hound (D:6)
  An orc priest (Orc:2)
  An orc wizard (Orc:2)
  A gnoll (D:9)
  11 orcs
  A jackal (Sewer)
  A kobold (D:8)
80 creatures vanquished.

Vanquished Creatures (others)
  A faun (Shoals:2)
  A blink frog (Lair:4)
  2 water moccasins (Lair:4)
  2 porcupines (Lair:4)
  A slave (D:6)
  A wolf (Lair:3)
  3 centaurs
  An iron imp (D:6)
  2 orcs
  10 fungi
  18 plants
42 creatures vanquished.

Grand Total: 1161 creatures vanquished

Notes
Turn   | Place    | Note
-------+----------+-------------------------------------------
     0 | D:1      | nht the Demonspawn Assassin began the quest for the Orb.
     0 | D:1      | Reached XP level 1. HP: 16/16 MP: 1/1
   307 | D:1      | Gained mutation: You are partially covered in thin metallic scales. (AC +2) [demonic ancestry]
   307 | D:1      | Reached XP level 2. HP: 16/22 MP: 2/2
   709 | D:1      | Reached XP level 3. HP: 26/27 MP: 3/3
  1198 | D:2      | Gained mutation: A weak demonic guardian rushes to your aid. [demonic ancestry]
  1198 | D:2      | Reached XP level 4. HP: 31/33 MP: 4/4
  1248 | D:2      | Found an ornate altar of the Wu Jian Council.
  1249 | D:2      | Found a bloodstained altar of Trog.
  1253 | D:2      | Became a worshipper of Trog the Wrathful
  1382 | D:2      | Found a burning altar of Makhleb.
  2082 | D:3      | Found a glowing drain.
  2180 | Sewer    | Entered a sewer
  2212 | Sewer    | Reached * piety under Trog
  2369 | Sewer    | Noticed a big kobold
  2377 | Sewer    | Killed a big kobold
  2377 | Sewer    | Reached skill level 5 in Short Blades
  2377 | Sewer    | Gained mutation: You have a pair of small antennae on your head. [demonic ancestry]
  2377 | Sewer    | Reached XP level 5. HP: 38/38 MP: 5/5
  2424 | Sewer    | Found a glowing silver altar of Zin.
  2737 | D:3      | Found a stormy altar of Qazlal.
  3121 | D:4      | Reached XP level 6. HP: 36/44 MP: 6/6
  3374 | D:4      | Reached skill level 2 in Throwing
  3386 | D:4      | Found a staircase to the Ecumenical Temple.
  3468 | D:4      | Reached ** piety under Trog
  3509 | D:5      | Entered Level 5 of the Dungeon
  3553 | D:5      | Gained mutation: You have a pair of antennae on your head. [demonic ancestry]
  3553 | D:5      | Reached XP level 7. HP: 40/50 MP: 7/7
  3569 | D:5      | Found a glowing silver altar of Zin.
  3583 | D:5      | Found a shimmering altar of Xom.
  3608 | D:5      | Reached skill level 3 in Throwing
  3822 | D:5      | Found a glowing golden altar of the Shining One.
  4398 | D:6      | Gained mutation: You are mostly covered in thin metallic scales. (AC +3) [demonic ancestry]
  4398 | D:6      | Reached XP level 8. HP: 56/56 MP: 8/8
  4444 | D:6      | Reached skill level 4 in Throwing
  4458 | D:6      | Noticed Eustachio
  4469 | D:6      | Killed Eustachio
  4469 | D:6      | Reached *** piety under Trog
  4478 | D:6      | Noticed Pikel
  4507 | D:6      | Killed Pikel
  4507 | D:6      | Reached skill level 5 in Throwing
  4607 | D:6      | Noticed Duvessa
  4650 | D:6      | Noticed Dowan
  4667 | D:6      | Killed Duvessa
  4668 | D:6      | Killed Dowan
  4729 | D:6      | Found a snail-covered altar of Cheibriados.
  4730 | D:6      | Noticed Prince Ribbit
  4876 | D:6      | Noticed a two-headed ogre
  4886 | D:6      | Killed a two-headed ogre
  4886 | D:6      | Reached skill level 10 in Short Blades
  4886 | D:6      | Reached XP level 9. HP: 61/61 MP: 9/9
  4888 | D:6      | Noticed Menkaure
  4898 | D:7      | yuck
  4924 | D:8      | Reached skill level 6 in Throwing
  5024 | D:8      | Found Soudoj's Assorted Antiques.
  5056 | D:8      | Noticed Erica
  5091 | D:8      | Killed Erica
  5469 | D:8      | Reached skill level 7 in Throwing
  5469 | D:8      | Gained mutation: You are immune to rotting. [demonic ancestry]
  5469 | D:8      | Reached XP level 10. HP: 60/67 MP: 10/10
  5478 | D:8      | Bought a potion of curing for 99 gold pieces
  5478 | D:8      | Bought a scroll labeled WUQEPUSEWN for 33 gold pieces
  5478 | D:8      | Bought a scroll of remove curse for 99 gold pieces
  5588 | D:8      | Noticed a two-headed ogre
  5595 | D:8      | Gained mutation: You have a beak for a mouth. [potion of mutation]
  5595 | D:8      | Gained mutation: Your natural rate of healing is unusually fast. [potion of mutation]
  5613 | D:8      | Killed a two-headed ogre
  5643 | D:8      | Reached **** piety under Trog
  5783 | D:8      | Killed an unseen horror
  5869 | D:7      | Reached skill level 1 in Dodging
  6034 | D:6      | Killed Menkaure
  6120 | D:6      | Killed Prince Ribbit
  6120 | D:6      | Reached skill level 8 in Throwing
  6727 | D:7      | Noticed Joseph
  6746 | D:7      | Killed Joseph
  6792 | D:7      | Found a sparkling altar of Nemelex Xobeh.
  7249 | D:8      | Found an opulent altar of Gozag.
  7602 | D:9      | Gained mutation: You may emit foul miasma when damaged in melee. [demonic ancestry]
  7602 | D:9      | Reached XP level 11. HP: 75/75 MP: 11/11
  7643 | D:9      | Reached ***** piety under Trog
  7649 | D:9      | Reached skill level 9 in Throwing
  7867 | D:9      | Noticed a two-headed ogre
  7874 | D:9      | Killed a two-headed ogre
  7874 | D:9      | Reached skill level 1 in Shields
  7952 | D:9      | Received a gift from Trog
  7963 | D:9      | Noticed a two-headed ogre
  7982 | D:9      | Killed a two-headed ogre
  8251 | D:9      | Noticed a dagger
  8252 | D:9      | Noticed a dagger
  8252 | D:9      | Found a hide-covered altar of Uskayaw.
  8341 | D:10     | Entered Level 10 of the Dungeon
  8470 | D:10     | Reached skill level 10 in Throwing
  8625 | D:10     | Received a gift from Trog
  9048 | D:11     | Noticed Erolcha
  9051 | D:11     | Killed Erolcha
  9068 | D:11     | Found an opulent altar of Gozag.
  9277 | D:11     | Found a staircase to the Lair.
  9433 | D:11     | Received a gift from Trog
  9439 | D:11     | Noticed a green ugly thing
  9441 | D:11     | Got a transparent dagger
  9442 | D:11     | Identified the +3 dagger "Concordance" {venom, *Noise rN+ Dex+4} (You found it on level 11 of the Dungeon)
  9454 | D:11     | Killed a green ugly thing
  9768 | D:11     | Reached skill level 5 in Stealth
  9925 | Lair:1   | Entered Level 1 of the Lair of Beasts
 10251 | Lair:1   | Received a gift from Trog
 10251 | Lair:1   | Reached skill level 11 in Throwing
 10448 | Lair:1   | Gained mutation: You frequently emit foul miasma when damaged in melee. [demonic ancestry]
 10448 | Lair:1   | Reached XP level 12. HP: 83/83 MP: 12/12
 10571 | Lair:1   | Found an ornate altar of the Wu Jian Council.
 10733 | Lair:1   | Noticed an eight-headed hydra
 10740 | Lair:1   | Killed an eight-headed hydra
 11048 | Lair:2   | Reached skill level 5 in Shields
 11122 | Lair:2   | Reached skill level 5 in Fighting
 11210 | Lair:2   | Received a gift from Trog
 11858 | Lair:3   | Noticed Harold
 11864 | Lair:3   | Killed Harold
 12159 | Lair:3   | Noticed a death yak
 12172 | Lair:3   | Noticed a death yak
 12174 | Lair:3   | Noticed a death yak
 12178 | Lair:3   | Killed a death yak
 12195 | Lair:3   | Noticed a five-headed hydra
 12209 | Lair:3   | Killed a death yak
 12209 | Lair:3   | Reached skill level 12 in Throwing
 12219 | Lair:3   | Killed a five-headed hydra
 12223 | Lair:3   | Killed a death yak
 12348 | Lair:3   | Found a staircase to the Shoals.
 12709 | Lair:3   | Reached skill level 5 in Dodging
 12858 | Lair:4   | Gained mutation: Your magical and physical power is slightly enhanced at high health. [demonic ancestry]
 12858 | Lair:4   | Reached XP level 13. HP: 84/93 MP: 13/13
 13420 | Lair:4   | Found a staircase to the Snake Pit.
 13611 | Lair:4   | Got a scorched short sword
 13612 | Lair:4   | Identified the +4 short sword of the Hidden Lies {speed, MR+ Int-4 Dex+8} (You found it on level 4 of the Lair of Beasts)
 13823 | Lair:4   | Received a gift from Trog
 14184 | Lair:5   | Identified a scroll of acquirement
 14185 | Lair:5   | sick
 14233 | Lair:5   | Noticed Snorg
 14253 | Lair:5   | Killed Snorg
 14614 | Lair:5   | Found a staircase to the Slime Pits.
 14652 | Lair:5   | Reached skill level 13 in Throwing
 15046 | Lair:6   | Entered Level 6 of the Lair of Beasts
 15590 | Lair:6   | Received a gift from Trog
 15601 | Lair:6   | Reached XP level 14. HP: 104/104 MP: 14/14
 15748 | Lair:6   | Received a gift from Trog
 15884 | Lair:6   | Received a gift from Trog
 16265 | Lair:6   | fucker
 16658 | Lair:6   | Received a gift from Trog
 16752 | Lair:6   | Got a crude leather armour
 16931 | Lair:6   | Reached skill level 14 in Throwing
 17218 | Lair:6   | Received a gift from Trog
 17536 | Lair:6   | Identified the cursed +1 leather armour of the Merchant {rF+ Regen+ MP-9 Dex+4} (You found it on level 6 of the Lair of Beasts)
 17774 | Lair:4   | Got a steaming spear
 17775 | Lair:4   | Identified the +6 spear of the Beds {freeze, Dex+5} (You found it on level 4 of the Lair of Beasts)
 17889 | D:12     | Reached ****** piety under Trog
 17909 | D:12     | Found a labyrinth entrance.
 17947 | Lab      | Entered a labyrinth
 18154 | Lab      | Got a twitching amber ring
 18155 | Lab      | Got a silken robe
 18158 | Lab      | Identified the Reference Book on Flight and the Traveller
 18174 | Lab      | Identified the ring of Peckeem {rPois rF++ rC+} (You took it off a minotaur in a labyrinth)
 18199 | Lab      | Identified the cursed +0 robe of Analysis {rCorr} (You took it off a minotaur in a labyrinth)
 18363 | D:12     | Noticed Nergalle
 18368 | D:12     | Killed Nergalle
 18407 | D:12     | Found a staircase to the Orcish Mines.
 19442 | D:12     | Found Weneklo's Food Shop.
 19634 | D:12     | Received a gift from Trog
 19637 | D:12     | Got a polished short sword {god gift}
 19638 | D:12     | Identified the +4 short sword of a ziggurat {elec, Int+2} (Trog gifted it to you on level 12 of the Dungeon)
 19645 | Orc:1    | Entered Level 1 of the Orcish Mines
 19949 | Orc:1    | Found a roughly hewn altar of Beogh.
 20154 | Orc:2    | Entered Level 2 of the Orcish Mines
 20197 | Orc:2    | Noticed Josephine
 20204 | Orc:2    | Killed Josephine
 20221 | Orc:2    | Reached XP level 15. HP: 98/113 MP: 15/15
 20374 | Orc:2    | Received a gift from Trog
 20384 | Orc:2    | Noticed an orc warlord
 20388 | Orc:2    | Killed an orc warlord
 20586 | Orc:2    | Noticed Sonja
 20589 | Orc:2    | Killed Sonja
 20788 | Orc:2    | Received a gift from Trog
 20816 | Orc:2    | Found Zaler's General Store.
 20817 | Orc:2    | Found Ecenimuf's Book Boutique.
 20818 | Orc:2    | Found Roax Tit's Antique Armour Boutique.
 20818 | Orc:2    | Found Hygenauc's Antique Weapon Shop.
 20996 | Orc:2    | Found a staircase to the Elven Halls.
 21296 | Orc:2    | Bought a pair of glowing boots for 210 gold pieces
 21296 | Orc:2    | Bought a slimy chain mail for 266 gold pieces
 21296 | Orc:2    | Bought a steaming scale mail for 252 gold pieces
 21296 | Orc:2    | Bought a glowing scarf for 224 gold pieces
 21350 | Orc:2    | Identified the +1 chain mail of the Shrike {rElec rC++ Int-4 Dex+3} (You bought it in a shop on level 2 of the Orcish Mines)
 21361 | Orc:2    | Identified the +2 scale mail "Koraby" {Str+4} (You bought it in a shop on level 2 of the Orcish Mines)
 21384 | Orc:2    | Bought a scorched broad axe for 288 gold pieces
 21384 | Orc:2    | Identified the +6 broad axe "Ypsy" {pain, Str+4 Dex+3} (You bought it in a shop on level 2 of the Orcish Mines)
 21489 | D:13     | Noticed Maurice
 21496 | D:13     | Killed Maurice
 21756 | D:13     | Reached skill level 1 in Armour
 22433 | D:14     | Found a shimmering altar of Xom.
 22548 | D:14     | Reached skill level 15 in Throwing
 22573 | D:14     | Reached skill level 10 in Stealth
 22619 | D:14     | Received a gift from Trog
 22655 | D:14     | Found a gate to the Vaults.
 23215 | D:15     | Entered Level 15 of the Dungeon
 23405 | D:15     | Found a staircase to the Depths.
 23405 | D:15     | Noticed a fire giant
 23410 | D:15     | Noticed Kite's ghost (veteran MiBe)
 23455 | D:15     | Killed Kite's ghost
 23586 | D:15     | Killed a fire giant
 23947 | D:15     | Found Fahoalab's Weapon Shop.
 24425 | Snake:1  | Entered Level 1 of the Snake Pit
 24460 | Snake:1  | Noticed Rupert
 24484 | Snake:1  | Killed Rupert
 24484 | Snake:1  | Reached XP level 16. HP: 120/120 MP: 16/16
 25029 | Snake:1  | Noticed Aizul
 25046 | Snake:1  | Killed Aizul
 25049 | Snake:1  | Received a gift from Trog
 25486 | Snake:2  | Reached skill level 16 in Throwing
 25832 | Snake:2  | Reached skill level 5 in Armour
 26014 | Snake:2  | Received a gift from Trog
 26370 | Snake:2  | Reached skill level 10 in Fighting
 26640 | Snake:3  | Noticed Asterion
 26689 | Snake:3  | Noticed Jorgrun
 26708 | Snake:3  | Killed Jorgrun
 26708 | Snake:3  | Received a gift from Trog
 26720 | Snake:3  | Reached skill level 10 in Shields
 26885 | Snake:3  | Killed Asterion
 27688 | Snake:3  | Found a sparkling altar of Nemelex Xobeh.
 28250 | Snake:4  | Entered Level 4 of the Snake Pit
 28302 | Snake:4  | Found Puischiv's Armour Shoppe.
 28304 | Snake:4  | Found Athriyhewk's Antique Weapon Shoppe.
 28304 | Snake:4  | Found Xezopim's Gadget Emporium.
 28321 | Snake:4  | Reached XP level 17. HP: 120/133 MP: 17/17
 28329 | Snake:4  | Received a gift from Trog
 28343 | Snake:4  | Found Femewyfe's Distillery.
 28714 | Snake:4  | Found a shadowy altar of Dithmenos.
 29362 | Snake:4  | Received a gift from Trog
 30127 | Snake:4  | Received a gift from Trog
 30310 | Snake:4  | Got a serpentine rune of Zot
 30370 | Snake:4  | Received a gift from Trog
 30611 | Shoals:1 | Entered Level 1 of the Shoals
 30656 | Shoals:1 | Noticed Gorglomux's ghost (adept VSAs)
 30676 | Shoals:1 | Killed Gorglomux's ghost
 31563 | Shoals:2 | Received a gift from Trog
 31565 | Shoals:2 | Got a crystal dagger {god gift}
 31566 | Shoals:2 | Identified the +0 dagger of Wondrous Power {freeze, rElec rC+++ MR+ Str-5} (Trog gifted it to you on level 2 of the Shoals)
 31594 | Shoals:2 | Gained mutation: You are completely covered in thin metallic scales. (AC +4, rElec) [demonic ancestry]
 31594 | Shoals:2 | Reached XP level 18. HP: 140/140 MP: 18/18
 31605 | Shoals:2 | Reached skill level 15 in Shields
 31676 | Shoals:2 | HP: 1/140 [water nymph/the raging water (16)]
 31678 | Shoals:2 | Killed from afar by a merfolk aquamancer

Vault maps used:
D:1:      dpeg_arrival_castle, minmay_misc_feat_more_columns
D:2:      lemuel_round_altar, gammafunk_temple_overflow_statue, first_bread
D:3:      lemuel_crystal_altar, gup_sewer_entry_bubbles
D:4:      temple_hall
D:5:      lemuel_crystal_altar, marbit_many_paths, zin_scriptorium,
          roderic_lattice_a
D:6:      slow_altar_1, kennysheep_opposing_triangles, uniq_menkaure,
          uniq_eustachio, uniq_pikel, uniq_duvessa, uniq_prince_ribbit1
D:7:      nemelex_xobeh_ov_fountains_minmay, uniq_joseph
D:8:      lemuel_round_altar, serial_shops, nicolae_shop_statue_plus,
          hangedman_little_slice_of_home, uniq_erica
D:9:      dancing_weapons_uskayaw
D:11:     david_lair_shrubbed, basic_altar, uniq_erolcha
D:12:     david_orc_2, serial_shops, kennysheep_mini_moat, lab_entry_generic,
          uniq_nergalle
D:13:     uniq_maurice
D:14:     hangedman_vaults_entry_quadrant_bands, lemuel_doored_altar,
          evilmike_butchery
D:15:     grunt_enter_depths_giant_problem, minmay_misc_feat_four_crosses,
          serial_shops, shop_statue
Lair:1:   st_stairs_8, lemuel_centaur_altar, infiniplex_staircase_pool_2
Lair:3:   minmay_shoals_entry_centaurs, uniq_harold
Lair:4:   minmay_snake_entry_six_corridors, minivault_27, lemuel_old_faithful,
          grunt_megastairs_2, minmay_lair_oklob_chamber
Lair:5:   slime_dummy, serial_bayou, serial_bayou_pond_a, serial_bayou_pond_d,
          serial_bayou_pond_c, serial_bayou_pond_e, infiniplex_staircase_pool,
          uniq_snorg
Lair:6:   minmay_lair_end_enchanted_forest, serial_bayou_shore_b,
          grunt_megastairs_4
Shoals:2: nicolae_shoals_water_shrine, uniq_polyphemus
Snake:1:  uniq_rupert, uniq_aizul
Snake:2:  st_stairs_14
Snake:3:  basic_altar, lemuel_fruit_tree, uniq_jorgrun, uniq_asterion
Snake:4:  johnstein_snake_rune_scales, basic_altar, minmay_shoptagon
Orc:1:    basic_altar, mines3_lemuel
Orc:2:    st_orc_congregation, nicolae_orc_stony_grotto, uniq_josephine,
          uniq_sonja
Lab:      labyrinth_mini_lab, nicolae_lab_flowing_pool, nicolae_lab_garden,
          labyrinth_lava_lair, nicolae_lab_starburst, lab_block,
          nicolae_lab_stuck, nicolae_lab_arrow, nicolae_lab_statue,
          nicolae_lab_hexagon, labyrinth_skeletal_remains
Sewer:    sewer_kobolds

Skill      XL: |  1  2  3  4  5  6  7  8  9 10 11 12 13 14 15 16 17 18 |
---------------+-------------------------------------------------------+-----
Short Blades   | 2 3 5 6 7 10 11 12 | 12.1
Throwing       | 2 3 5 7 8 11 12 13 14 15 16 | 16.0
Dodging        | 2 3 5 6 7 9 |  9.1
Stealth        | 4 5 6 8 9 10 11 | 11.0
Fighting       | 3 4 6 7 9 11 12 | 12.0
Shields        | 4 6 7 8 9 11 14 15 | 15.0
Armour         | 4 5 |  5.0

Action                   |  1- 3 |  4- 6 |  7- 9 | 10-12 | 13-15 | 16-18 || total
-------------------------+-------+-------+-------+-------+-------+-------++-------
Melee: Dagger            |   138 |   124 |       |    11 |       |       ||   273
       Short sword       |       |    89 |   208 |   652 |  1418 |   779 ||  3146
       Peck              |       |       |       |   195 |   418 |   206 ||   819
       Quick blade       |       |       |       |   260 |   114 |       ||   374
Throw: Tomahawk          |       |       |    13 |   101 |   283 |   449 ||   846
       Throwing net      |       |       |       |     1 |     3 |     3 ||     7
       Javelin           |       |       |       |       |   101 |    61 ||   162
Invok: Berserk           |       |     3 |     5 |    18 |    14 |    11 ||    51
       Burn Spellbooks   |       |     1 |       |     3 |     2 |     2 ||     8
       Trog's Hand       |       |       |     3 |     2 |     3 |     2 ||    10
       Brothers in Arms  |       |       |       |       |     6 |     4 ||    10
Evoke: Wand              |       |       |     3 |    36 |    28 |     1 ||    68
  Use: Potion            |     3 |     4 |     7 |     2 |     1 |     1 ||    18
       Scroll            |       |    14 |     1 |     9 |    13 |     5 ||    42
 Stab: Sleeping          |     9 |     6 |     3 |    32 |    66 |    14 ||   130
       Distracted        |       |     1 |     2 |     2 |    17 |     8 ||    30
       Paralysed         |       |       |     2 |       |     1 |       ||     3
  Eat: Chunk             |     1 |    10 |    13 |    37 |    41 |    12 ||   114
       Fruit             |       |       |       |     3 |     4 |     9 ||    16
       Meat ration       |       |       |       |       |     1 |     2 ||     3
       Bread ration      |       |       |       |       |     1 |     1 ||     2
Armor: Robe              |    23 |    42 |    44 |       |       |       ||   109
       Leather armour    |       |       |       |    53 |       |       ||    53
       Skin              |       |       |       |    13 |     8 |       ||    21
       Ring mail         |       |       |       |    91 |   124 |       ||   215
       Chain mail        |       |       |       |       |   116 |   169 ||   285
Dodge: Dodged            |    56 |    87 |   106 |   149 |   282 |   164 ||   844
Block: Other             |    29 |    54 |    34 |    46 |       |       ||   163
       Reflection        |       |     6 |     5 |    15 |    28 |    59 ||   113
       Buckler           |       |       |       |   141 |   447 |   287 ||   875
       Shield            |       |       |       |       |       |   115 ||   115
